 Dungeon Crawl Stone Soup version 0.21.1-1-g345015fe64 (webtiles) character file.

453 Faustar the Slicer (level 6, -2/44 HPs)
             Began as a Vampire Gladiator on Feb 9, 2018.
             Was a Follower of Okawaru.
             Slain by a worker ant (6 damage)
             ... on level 4 of the Dungeon.
             The game lasted 00:04:42 (2509 turns).

Faustar the Slicer (Vampire Gladiator)              Turns: 2509, Time: 00:04:44

Health: -2/44      AC:  7    Str: 15    XL:     6   Next: 75%
Magic:  6/6        EV: 13    Int: 13    God:    Okawaru [*.....]
Gold:   181        SH:  0    Dex: 16    Spells: 5/5 levels left

rFire    . . .     SeeInvis +   a - +0 rapier
rCold    . . .     Gourm    .   (no shield)
rNeg     . . .     Faith    .   b - +0 leather armour
rPois    .         Spirit   .   p - +0 hat {Int+3}
rElec    .         Reflect  .   (no cloak)
rCorr    .         Harm     .   t - +2 pair of gloves
MR       .....                  i - +0 pair of boots
Stlth    +.........             (no amulet)
HPRegen  0.34/turn              (no ring)
MPRegen  0.10/turn              (no ring)

@: lethally poisoned (-2 -> -5), regenerating quickly
A: fangs 3, see invisible, unbreathing
a: Heroism, Renounce Religion


You were on level 4 of the Dungeon.
You worshipped Okawaru.
Okawaru was aware of your devotion.
You were very full.

You visited 1 branch of the dungeon, and saw 4 of its levels.

You collected 181 gold pieces.

Inventory:

Hand Weapons
 a - a +0 rapier (weapon)
Missiles
 d - 3 throwing nets (quivered)
Armour
 b - a +0 leather armour (worn)
 c - a +0 helmet
 i - a +0 pair of boots (worn)
 p - a +0 hat of intelligence (worn)
 t - a +2 pair of gloves (worn)
 x - a +0 buckler
 y - a +0 ring mail
Jewellery
 h - a +2 ring of protection {unknown}
Scrolls
 f - a scroll of blinking {unknown}
 g - 4 scrolls of fear {unknown}
 l - 2 scrolls of enchant weapon {unknown}
 n - 2 scrolls of enchant armour {unknown}
 o - a scroll of magic mapping {unknown}
 r - 2 scrolls of identify {unknown}
 s - 3 scrolls of remove curse {unknown}
 u - a scroll of teleportation {unknown}
 w - a scroll of immolation {unknown}
 A - a scroll of amnesia {unknown}
Potions
 e - 6 potions of blood
 j - 3 potions of heal wounds {unknown}
 k - a potion of brilliance {unknown}
 m - a potion of might {unknown}
 q - a potion of berserk rage {unknown}
 v - a potion of ambrosia {unknown}
 z - a potion of curing {unknown}


   Skills:
 - Level 1.7 Fighting
 + Level 8.5 Short Blades
 - Level 1.5 Throwing
 - Level 3.2 Dodging


You had 5 spell levels left.
You didn't know any spells.

Dungeon Overview and Level Annotations

Branches:
Dungeon (4/15)
 Temple: D:4-7

Altars:
Ashenzari
Okawaru
Sif Muna
Trog
Vehumet
Xom
The Shining One


Innate Abilities, Weirdness & Mutations

Your natural rate of healing is unusually fast.
You have razor-sharp teeth.
You have supernaturally acute eyesight. (SInv)
You can survive without breathing.


Message History

The worker ant bites you.
* * * LOW HITPOINT WARNING * * *
You hit the scorpion but do no damage. The worker ant bites you.
* * * LOW HITPOINT WARNING * * *
The scorpion barely misses you.
You hit the scorpion.
The scorpion is lightly wounded.
The worker ant waves its antennae.
The worker ant closely misses you. The scorpion barely misses you.
You barely miss the scorpion.
The scorpion is lightly wounded.
The worker ant completely misses you.
You closely miss the scorpion.
You bite the scorpion, but do no damage.
The scorpion is lightly wounded.
The scorpion stings you.
* * * LOW HITPOINT WARNING * * *
You are poisoned.
The scorpion poisons you! The worker ant bites you.
You die...

#.. #.# . ##.# ..
#..# ..# #..###..#
......# #h.h# #s#
# . ### #@# .# .
... #a##?###.# #
##.# #........# #
#..# ##..#####.
#.###..# #..##
#......######..#
######...........#
............###.##
.......#.##..##.##


You could see a scorpion, a hound and a worker ant.

Vanquished Creatures
  A scorpion (D:4)
  A howler monkey (D:4)
  3 crimson imps (D:3)
  2 orc priests
  A bullfrog skeleton (D:4)
  3 worker ants (D:4)
  An adder (D:2)
  3 gnolls (D:4)
  An ooze (D:4)
  2 dart slugs
  2 leopard geckos
  8 orcs
  2 ball pythons
  5 goblins
  A quokka (D:4)
  9 bats
  5 frilled lizards
  5 kobolds
  5 rats
60 creatures vanquished.

Vanquished Creatures (others)
  A worm (D:3)
1 creature vanquished.

Grand Total: 61 creatures vanquished

Notes
Turn   | Place    | Note
-------+----------+-------------------------------------------
     0 | D:1      | Faustar the Vampire Gladiator began the quest for the Orb.
     0 | D:1      | Reached XP level 1. HP: 16/16 MP: 1/1
   248 | D:1      | Reached XP level 2. HP: 22/22 MP: 2/2
   254 | D:1      | Reached skill level 4 in Short Blades
   826 | D:2      | Reached XP level 3. HP: 27/27 MP: 3/3
  1248 | D:3      | Reached skill level 5 in Short Blades
  1301 | D:3      | Found a shattered altar of Ashenzari.
  1304 | D:3      | Found an iron altar of Okawaru.
  1307 | D:3      | Found a deep blue altar of Sif Muna.
  1310 | D:3      | Found a glowing golden altar of the Shining One.
  1333 | D:3      | Became a worshipper of Warmaster Okawaru
  1443 | D:3      | Found a radiant altar of Vehumet.
  1537 | D:3      | Found an iron altar of Okawaru.
  1574 | D:3      | Reached XP level 4. HP: 20/33 MP: 4/4
  1922 | D:3      | Found a shimmering altar of Xom.
  1949 | D:3      | Reached skill level 6 in Short Blades
  1981 | D:3      | Reached XP level 5. HP: 38/38 MP: 5/5
  2021 | D:3      | Reached * piety under Okawaru
  2062 | D:4      | Reached skill level 7 in Short Blades
  2206 | D:4      | Found a bloodstained altar of Trog.
  2234 | D:4      | Reached XP level 6. HP: 42/44 MP: 6/6
  2315 | D:4      | Reached skill level 8 in Short Blades
  2509 | D:4      | Slain by a worker ant

Skill      XL: |  1  2  3  4  5  6 |
---------------+-------------------+-----
Short Blades   | 4 5 6 7 8 |  8.5
Fighting       | |  1.7
Throwing       | |  1.5
Dodging        | |  3.2

Action                   |  1- 3 |  4- 6 || total
-------------------------+-------+-------++-------
Melee: Rapier            |   111 |   160 ||   271
       Bite              |    14 |    16 ||    30
       Punch             |       |     1 ||     1
Invok: Heroism           |       |     1 ||     1
  Use: Potion            |       |    11 ||    11
 Stab: Sleeping          |     2 |       ||     2
Armor: Leather armour    |    44 |    53 ||    97
Dodge: Dodged            |    88 |    94 ||   182
